 Dungeon Sprint DCSS version 0.29-a0-207-gf982a884d8 (webtiles) character file.

Game seed: 2300321063355735598

744 mhtbhm the Basher (level 7, -7/118 HPs)
             Began as a Troll Berserker on Feb 23, 2022.
             Was a High Priest of Trog.
             Mangled by a fire elemental (9 damage)
             ... summoned by a deep elf pyromancer
             ... in the Dungeon (Sprint III: "The Ten Rune Challenge").
             The game lasted 00:01:36 (775 turns).

mhtbhm the Basher (Troll Berserker)                  Turns: 775, Time: 00:01:37

Health: -7/118     AC:  5    Str: 28    XL:     7   Next: 47%
Magic:  5/5        EV: 12    Int:  3    God:    Trog [*****.]
Gold:   31         SH:  0    Dex:  9    Spells: 6/6 levels left

rFire   . . .      SeeInvis .   a - +0 mace
rCold   . . .      Faith    .   (no shield)
rNeg    . . .      Spirit   .   b - +0 animal skin
rPois   .          Reflect  .   (helmet restricted)
rElec   .          Harm     .   l - +0 cloak
rCorr   .          Rampage  .   (gloves unavailable)
Will    .....      NoTele   +   (boots unavailable)
Stlth   ..........              (no amulet)
HPRegen 1.09/turn               (no ring)
MPRegen 0.09/turn               (no ring)

@: berserking, very quick
A: large, unfitting armour, claws 3, regeneration 1, shaggy fur 1, tough skin 1,
low MP 1
a: Renounce Religion, Berserk, Trog's Hand, Brothers in Arms


You were in the Dungeon.
You worshipped Trog.
Trog was extremely pleased with you.
You visited 1 branch You collected 31 gold pieces.

Inventory:

Hand Weapons
 a - a +0 mace (weapon)
Missiles
 k - 3 poisoned darts (quivered)
Armour
 b - a +0 animal skin (worn)
 l - a +0 cloak (worn)
Wands
 j - a wand of polymorph (10)
Scrolls
 h - a scroll of blinking
 i - a scroll of amnesia {unknown}
 m - a scroll of immolation {unknown}
 n - 2 scrolls of identify {unknown}
 o - a scroll of holy word {unknown}
Potions
 c - a potion of curing
 d - 2 potions of heal wounds
 e - a potion of haste
 f - 2 potions of magic
 g - a potion of berserk rage
 p - 2 potions of brilliance {unknown}


   Skills:
 + Level 7.8 Fighting
 + Level 9.1 Maces & Flails
 + Level 2.2 Throwing
 + Level 8.5 Dodging
 + Level 1.9 Unarmed Combat


You had 6 spell levels left.
You didn't know any spells.
Your spell library was empty.

Dungeon Overview and Level Annotations

Branches:
Dungeon (1/1)

Altars:
Dithmenos
Elyvilon
Kikubaaqudgha
Okawaru
Ru
Sif Muna
Trog
Uskayaw
Vehumet
Wu Jian
Yredelemnul
Zin
The Shining One
Beogh


Innate Abilities, Weirdness & Mutations

You are too large for most types of armour.
You have claws for hands.
Your natural rate of healing is unusually fast.
You are covered in fur. (AC +1)
You have tough skin. (AC +1)
Your magical capacity is low. (-10% MP)


Message History

You are too injured to fight recklessly!
You are too injured to fight recklessly!
You are too injured to fight recklessly!
You are too injured to fight recklessly!
A red film seems to cover your vision as you go berserk!
You feel yourself moving faster!
You feel mighty! The fire elemental misses you.
The deep elf pyromancer hits you but does no damage.
The fire elemental completely misses you.
The fire elemental hits you. The fire elemental burns you!
You thump the deep elf pyromancer!
The deep elf pyromancer is moderately wounded.
The deep elf pyromancer casts a spell at you.
The bolt of fire hits you!!
* * * LOW HITPOINT WARNING * * *
The fire elemental closely misses you. x2
You sock the deep elf pyromancer!
The deep elf pyromancer is severely wounded.
The deep elf pyromancer gestures wildly while chanting.
The fire elemental hits you. The fire elemental burns you!
* * * LOW HITPOINT WARNING * * *
You hit the deep elf pyromancer.
The deep elf pyromancer is severely wounded.
The fire elemental barely misses you. x2
You closely miss the deep elf pyromancer.
The deep elf pyromancer is severely wounded.
The fire elemental barely misses you.
The deep elf pyromancer hits you with a +1 long sword of holy wrath.
* * * LOW HITPOINT WARNING * * *
You thump the deep elf pyromancer!
The deep elf pyromancer is almost dead.
The fire elemental barely misses you. x2
The deep elf pyromancer hits you with a +1 long sword of holy wrath!
* * * LOW HITPOINT WARNING * * *
You barely miss the deep elf pyromancer.
The deep elf pyromancer is almost dead.
The fire elemental hits you.
* * * LOW HITPOINT WARNING * * *
The fire elemental burns you!
You die...

▓▓▓▓▓▓▓ ▓▓▓ '.....♣
♣.############ #.....♣♣
♣♣.#___#___#__# #......♣
♣..#!..#__)#._#
#....≈.♣♣♣..###'#E###)##
#)..≈≈♣♣.♣..#...@eE....#
#..≈≈≈≈♣♣...'.⌠..E.°...#
#..≈≈≈≈≈≈.♣.#...######'#
#.≈≈≈≈≈≈....#.⌠.# _#...#
#.≈≈≈≈≈.....#...# #...#
#.≈≈≈.......#)### #...#
#...........#.::# #...+
............#___# +...#
▓▓▓▓▓▓▓▓▓▓▓▓▓▓▓▓▓ ▓▓▓▓▓


You could see a deep elf pyromancer and 3 fire elementals.

Vanquished Creatures
  A shadow (D)
  A necrophage (D)
  A water elemental (D)
  A jelly (D)
  Crazy Yiuf (D)
  Jessica (D)
  A wizard (D)
  A necromancer (D)
  3 humans (D)
  A kobold demonologist (D)
  3 rats (D)
15 creatures vanquished.

Notes
Turn   | Place    | Note
-------+----------+-------------------------------------------
     0 | D        | mhtbhm the Troll Berserker began the quest for the Orb.
     0 | D        | Reached XP level 1. HP: 22/22 MP: 0/0
    59 | D        | Noticed Jessica
    64 | D        | Killed Jessica
    64 | D        | Reached ** piety under Trog
    65 | D        | Reached skill level 4 in Maces & Flails
    65 | D        | Reached XP level 2. HP: 32/32 MP: 1/1
   151 | D        | Reached XP level 3. HP: 23/39 MP: 2/2
   277 | D        | Noticed Crazy Yiuf
   285 | D        | Killed Crazy Yiuf
   286 | D        | Reached XP level 4. HP: 49/49 MP: 3/3
   365 | D        | Gained mutation: You sometimes lose the ability to read
                  | scrolls when taking damage. [potion of mutation]
   365 | D        | Gained mutation: You tend to lose your temper in combat.
                  | [potion of mutation]
   365 | D        | Gained mutation: You passively map a small area around you.
                  | [potion of mutation]
   368 | D        | Lost mutation: You tend to lose your temper in combat.
                  | [potion of mutation]
   368 | D        | Lost mutation: You passively map a small area around you.
                  | [potion of mutation]
   368 | D        | Gained mutation: Your body sometimes deteriorates upon
                  | taking damage. [potion of mutation]
   368 | D        | Gained mutation: Your flesh is cold resistant. (rC+)
                  | [potion of mutation]
   368 | D        | Gained mutation: Your spells are a little harder to cast,
                  | but a little more powerful. [potion of mutation]
   368 | D        | Gained mutation: You are agile. (Dex +2) [potion of
                  | mutation]
   369 | D        | Lost mutation: Your body sometimes deteriorates upon taking
                  | damage. [potion of mutation]
   369 | D        | Lost mutation: You are agile. (Dex +2) [potion of mutation]
   369 | D        | Lost mutation: You sometimes lose the ability to read
                  | scrolls when taking damage. [potion of mutation]
   369 | D        | Gained mutation: Your magical capacity is low. (-10% MP)
                  | [potion of mutation]
   369 | D        | Gained mutation: Your body sometimes deteriorates upon
                  | taking damage. [potion of mutation]
   369 | D        | Lost mutation: Your magical capacity is low. (-10% MP)
                  | [potion of mutation]
   370 | D        | Lost mutation: Your spells are a little harder to cast, but
                  | a little more powerful. [potion of mutation]
   370 | D        | Lost mutation: Your body sometimes deteriorates upon taking
                  | damage. [potion of mutation]
   370 | D        | Lost mutation: Your flesh is cold resistant. (rC+) [potion
                  | of mutation]
   370 | D        | Gained mutation: You are dopey. (Int -2) [potion of
                  | mutation]
   370 | D        | Gained mutation: You have an increased reservoir of magic.
                  | (+10% MP) [potion of mutation]
   380 | D        | Lost mutation: You have an increased reservoir of magic.
                  | (+10% MP) [potion of mutation]
   380 | D        | Lost mutation: You are dopey. (Int -2) [potion of mutation]
   380 | D        | Gained mutation: Your magical capacity is low. (-10% MP)
                  | [potion of mutation]
   388 | D        | Noticed a water elemental
   393 | D        | Killed a water elemental
   393 | D        | Reached *** piety under Trog
   394 | D        | Reached skill level 5 in Fighting
   394 | D        | Reached skill level 5 in Maces & Flails
   394 | D        | Reached skill level 5 in Dodging
   453 | D        | Found a basalt altar of Yredelemnul.
   453 | D        | Found a shadowy altar of Dithmenos.
   453 | D        | Found a sacrificial altar of Ru.
   453 | D        | Noticed a necrophage
   458 | D        | Killed a necrophage
   459 | D        | Reached skill level 6 in Maces & Flails
   459 | D        | Reached skill level 1 in Throwing
   459 | D        | Reached skill level 1 in Unarmed Combat
   459 | D        | Reached XP level 5. HP: 59/59 MP: 3/3
   464 | D        | Reached XP level 6. HP: 68/68 MP: 4/4
   586 | D        | Noticed a shadow
   599 | D        | Killed a shadow
   599 | D        | Reached **** piety under Trog
   600 | D        | Reached skill level 7 in Maces & Flails
   660 | D        | Found a radiant altar of Vehumet.
   660 | D        | Found a shimmering blue altar of Sif Muna.
   660 | D        | Found an ancient bone altar of Kikubaaqudgha.
   667 | D        | Reached skill level 8 in Maces & Flails
   683 | D        | Found a hide-covered altar of Uskayaw.
   683 | D        | Found an iron altar of Okawaru.
   683 | D        | Found a bloodstained altar of Trog.
   683 | D        | Found an ornate altar of the Wu Jian Council.
   683 | D        | Noticed a human
   684 | D        | Noticed a human
   691 | D        | Killed a human
   691 | D        | Reached ***** piety under Trog
   692 | D        | Reached XP level 7. HP: 78/78 MP: 5/5
   696 | D        | Killed a human
   697 | D        | Reached skill level 9 in Maces & Flails
   761 | D        | Found a glowing silver altar of Zin.
   761 | D        | Found a glowing golden altar of the Shining One.
   761 | D        | Found a white marble altar of Elyvilon.
   762 | D        | Noticed a deep elf pyromancer
   765 | D        | Noticed a fire elemental
   765 | D        | Noticed a fire elemental
   772 | D        | Noticed a fire elemental
   774 | D        | HP: 3/118 [deep elf pyromancer/+1 long sword of holy wrath
                  | (9)]
   775 | D        | Mangled by a fire elemental

Illustrated notes

Levels and vault maps discovered:
D:        dungeon_sprint_mu [sprint_mu_entry_forest, sprint_mu_temple_rooms,
          sprint_mu_d1_horrors, sprint_mu_d2_genie, sprint_mu_d3_branching,
          sprint_mu_orc_legion, sprint_mu_elf_gauntlet, sprint_mu_hive_nellie,
          sprint_mu_lair_fedhas, sprint_mu_vaults_butterflies,
          sprint_mu_slime_circle, sprint_mu_swamp_cave, sprint_mu_shoals_kraken,
          sprint_mu_blade_basic, sprint_mu_crypt_chambers,
          sprint_mu_tomb_spiral, sprint_mu_vestibule_basic,
          sprint_mu_gehenna_hellfire, sprint_mu_dis_giant,
          sprint_mu_tartarus_statrot, sprint_mu_cocytus_islands, sprint_mu_zot1]

Skill      XL: |  1  2  3  4  5  6  7 |
---------------+----------------------+-----
Fighting       | 3 4 6 7 |  7.8
Maces & Flails | 4 6 8 9 |  9.1
Dodging        | 3 4 6 8 |  8.5
Throwing       | 1 2 |  2.2
Unarmed Combat | 1 |  1.9

Action                   |  1- 3 |  4- 6 |  7- 9 || total
-------------------------+-------+-------+-------++-------
Melee: Mace              |    28 |    38 |    16 ||    82
       Unarmed           |     3 |       |       ||     3
       Punch             |       |     1 |       ||     1
Throw: Dart              |     4 |       |       ||     4
Invok: Berserk           |     2 |     3 |     1 ||     6
  Use: Potion            |       |     5 |       ||     5
Armor: Animal skin       |    14 |     7 |     6 ||    27
Dodge: Dodged            |    13 |    13 |    11 ||    37

Table legend: (Time is in decaauts)
 A = Elapsed time spent in this place.
 B = Non-inter-level travel time spent in this place.
 C = Inter-level travel time spent in this place.
 D = Time resting spent in this place.
 E = Time spent auto-exploring this place.
 F = Levels seen in this place.
 G = Mean time per level.
                   A        B        C        D        E       F      G
               +--------+--------+--------+--------+--------+-----+--------+
         Total |    839 |    839 |      0 |    551 |      1 |   1 |  839.0 |
       Dungeon |    839 |    839 |      0 |    551 |      1 |   1 |  839.0 |
               +--------+--------+--------+--------+--------+-----+--------+

Top non-repeatable levels by time:
       D: 839 daAuts
